[Event "*** Titled Tuesday Blitz"]
[Site "Chess.com"]
[Date "2020.04.14"]
[Round "6"]
[White "Sunnika"]
[Black "annamaja"]
[Result "1-0"]
[WhiteElo "2355"]
[BlackElo "2185"]
[TimeControl "180+1"]
[EndTime "11:04:21 PDT"]
[Termination "Sunnika won on time"]

1. d4 Nf6 2. Nf3 d5 3. c4 e6 4. g3 Bb4+ 5. Bd2 Be7 6. Bg2 O-O 7.
O-O c6 8. Qb3 Nbd7 9. Bb4 Bxb4 10.
Qxb4 a5 11. Qb3 a4 12. Qc2 Ne4 13. Nc3 f5 14. cxd5 exd5 15. Nxa4 Qa5 16. Nc3 Ndf6 17. Ne5 Be6 18. a3 Qb6 19. e3 Rac8 20. b4 Kh8 21. Na4 Qc7 22. Nc5 Bg8 23. Rfc1 Nxc5 24. Qxc5 Nd7 25. Nxd7 Qxd7 26. a4 Rce8 27. b5 Rf6 28.
Rc3 h6 29. Rac1 Ra8 30. Qb4 Qd6 31. Qxd6 Rxd6 32. bxc6 Rxc6 33. Rxc6 bxc6 34. Rxc6 Rxa4 35. Bf3 Ra1+ 36. Kg2 Kh7 37. Rc5 Ra7 38. Bxd5 Bxd5+ 39. Rxd5 Kg6 40. h4 Kf6 41. Rd6+ Ke7 42. Rg6 Kf7 43. h5 Rb7 44. Kf3 Rb5 45. Kf4 Ra5 46. f3 Rb5 47.
Rc6 Ra5 48. Rc5 Ra1 49. Rxf5+ Ke6 50. d5+ Kd6 51. e4 Rh1 52. g4 Rg1 53. Rf7 Ra1 54.
Rxg7 Ra5 55. Rg6+ Kd7 56. Rxh6 Ra4 57. Ke5 Rb4 58. f4 Rc4 59. Rh7+ Kd8 60. f5 Ke8 61. g5 Kf8 62. g6 Kg8 63. Rd7 Rb4 64. f6 Rb6 65. d6 Rb5+ 66. Ke6 1-0

[Event "*** Titled Tuesday Blitz"]
[Site "Chess.com"]
[Date "2020.04.14"]
[Round "6"]
[White "BakaPG"]
[Black "Eltaj_Safarli"]
[Result "0-1"]
[WhiteElo "2726"]
[BlackElo "3058"]
[TimeControl "180+1"]
[EndTime "11:04:22 PDT"]
[Termination "Eltaj_Safarli won by resignation"]

1. e4 e5 2. Nf3 Nc6 3. Bb5 a6 4. Ba4 d6 5. c3 Bd7 6. O-O g6 7. d4 Bg7 8. d5 Nce7 9. Bxd7+ Qxd7 10. c4 h6 11. Nc3 f5 12. Re1 Nf6 13. Rb1 O-O 14. b4 g5 15. exf5 Nxf5 16. Ne4 Nxe4 17. Rxe4 Rf7 18. h3 Raf8 19. Rb3 b5 20. c5 Nd4 21. Nxd4 exd4 22. f3 dxc5 23. bxc5 Qxd5 24. Qd3 Rd8 25. Ba3 c6 26. Rb2 a5 27. Rbe2 b4 28. Re8+ Rxe8 29. Rxe8+ Rf8 30. Rxf8+ Kxf8 31. Bb2 Qxc5 32.
a4 Qd5 33. Kf1 Kf7 34. Qa6 Kg6 35. h4 gxh4 36. Qc8 Qf5 37. Qe8+ Kh7 38. Qxc6 Qb1+ 39.
Bc1 Qd3+ 40. Kg1 b3 41. Kh2 Qc2 42. Qe6 Qxc1 43. Qe4+ Kg8 44. Qe8+ Bf8 45. Qg6+ Kh8 46.
Qf6+ Bg7 47. Qd8+ Kh7 48. Qxa5 Qf4+ 49. Kh1 b2 50. Qb5 Qc1+ 51. Kh2 b1=Q 0-1

[Event "*** Titled Tuesday Blitz"]
[Site "Chess.com"]
[Date "2020.04.14"]
[Round "6"]
[White "Gaguna"]
[Black "vladislavkovalev"]
[Result "0-1"]
[WhiteElo "2686"]
[BlackElo "2886"]
[TimeControl "180+1"]
[EndTime "11:04:22 PDT"]
[Termination "vladislavkovalev won by resignation"]

1. d4 Nf6 2. Nf3 g6 3. c4 Bg7 4. g3 O-O 5. Bg2 d6 6. O-O Nc6 7. Nc3 e5 8. d5 Nb8 9. e4 a5 10. Ne1 Na6 11. Nd3 Nd7 12. f4 exf4 13. gxf4 f5 14.
exf5 Rxf5 15. Bh3 Nb6 16. Bxf5 Bxf5 17. Nf2 Nxc4 18. Nce4 Qd7 19. Ng3 Nb4 20. Nxf5 Qxf5 21. Qg4 Qxd5 22. Rd1 Qf7 23. a3 Nc2 24. Rb1 N2e3 25.
Bxe3 Nxe3 26. Qf3 Nxd1 27. Qxb7 Rf8 28. Rxd1 Qxf4 29. Qg2 Qe3 30. Rd3 Qc1+ 31. Rd1 Qxb2 32. Nd3 Qxa3 33. Qd5+ Kh8 34. Rf1 Rxf1+ 35. Kxf1 Qa1+ 36.
Ke2 Qf6 37. Qa8+ Bf8 38. Qxa5 Qe6+ 39. Kd2 Bh6+ 40. Kd1 Qb3+ 41. Ke1 Qb1+ 42. Kf2 Qxd3 43. Qa1+ Kg8 44. Qa2+ Kf8 45. Qa8+ Ke7 46. Qg8 Qf5+ 47.
Kg2 Qf7 48. Qc8 Kf6 49. Qh3 Kg7 50. Qc3+ Kg8 51. Qa3 Bf4 52. Qa8+ Kg7 53. Qa1+ Be5 54. Qd1 Qf4 55. h3 Qh2+ 56. Kf3 Qxh3+ 57. Ke4 Qe6 58.
Qc2 Qf5+ 59. Kd5 Qxc2 0-1

[Event "*** Titled Tuesday Blitz"]
[Site "Chess.com"]
[Date "2020.04.14"]
[Round "6"]
[White "Willychess95"]
[Black "ENEASZ"]
[Result "1-0"]
[WhiteElo "2649"]
[BlackElo "2495"]
[TimeControl "180+1"]
[EndTime "11:04:22 PDT"]
[Termination "Willychess95 won on time"]

1. e4 d6 2. d4 Nf6 3. Nc3 e5 4.
Nf3 Nbd7 5. Bc4 Be7 6. O-O O-O 7.
h3 c6 8. a4 b6 9. Re1 Bb7 10. Bg5 h6 11. Be3 Re8 12. Qd2 Bf8 13. Rad1 Qc7 14. Bb3 a6 15. Qe2 b5 16. axb5 axb5 17.
d5 b4 18. dxc6 Bxc6 19. Nb5 Qb8 20. Qc4 d5 21. Qxc6 Rc8 22. exd5 Rxc6 23. dxc6 Qxb5 24.
cxd7 Nxd7 25. Rd5 Qb7 26. Red1 Nf6 27. R5d2 Re8 28. Rd8 Qe7 29. R8d2 Kh7 30. Ra1 Rc8 31. Bb6 e4 32. Ra7 Qe8 33. Nd4 Qe5 34. Rxf7 Bd6 35. f4 exf3 36. Nxf3 Bc5+ 37. Bxc5 Qxc5+ 38. Kh1 Rc7 39. Rxc7 Qxc7 40. Re2 Qf4 41. Re1 Ne4 42. c3 Ng3+ 43. Kg1 bxc3 44. bxc3 Qc7 45. Re3 1-0

[Event "*** Titled Tuesday Blitz"]
[Site "Chess.com"]
[Date "2020.04.14"]
[Round "6"]
[White "tylityli"]
[Black "anon219"]
[Result "0-1"]
[WhiteElo "2152"]
[BlackElo "2797"]
[TimeControl "180+1"]
[EndTime "11:04:22 PDT"]
[Termination "anon219 won on time"]

1. e4 c5 2. Nf3 a6 3. d4 cxd4 4. Nxd4 Nf6 5. Nc3 e5 6. Nb3 Bb4 7. Bd3 d6 8. Bd2 O-O 9. a3 Bxc3 10. Bxc3 Nbd7 11. O-O Qc7 12. Qe2 b5 13. a4 bxa4 14. Rxa4 Bb7 15. Rfa1 g6 16. Bxa6 Bc6 17. Rc4 Qb6 18. Rb4 Qd8 19. Bb5 Rxa1+ 20. Nxa1 Bxb5 21. Qxb5 Nc5 22. f3 Nh5 23. Bd2 Ne6 24. Nb3 Qh4 25.
g3 Nxg3 26. Be1 Qh5 27. Bxg3 Qxf3 28. Qd3 Qg4 29. Nd2 Ng5 30. Qxd6 Qd1+ 31. Kf2 Nf3 32. Rb8 Qxd2+ 33. Qxd2 Nxd2 34. Rxf8+ Kxf8 35. Bxe5 Nxe4+ 36. Ke3 Ng5 37. b4 Ke8 38. c4 Kd7 39. b5 Ne6 40.
Ke4 f5+ 41. Kd5 f4 42. Ke4 g5 43. Bf6 h6 44. Be5 Nc5+ 45. Kd5 Nd3 46. Bd4 f3 47. Ke4 f2 48. Bxf2 Nxf2+ 49. Kf5 Kd6 50. Kg6 Ng4 0-1

[Event "*** Titled Tuesday Blitz"]
[Site "Chess.com"]
[Date "2020.04.14"]
[Round "6"]
[White "MFBerna"]
[Black "ChessAintFun"]
[Result "0-1"]
[WhiteElo "2333"]
[BlackElo "2528"]
[TimeControl "180+1"]
[EndTime "11:04:22 PDT"]
[Termination "ChessAintFun won by resignation"]

1. e4 c5 2. Nf3 Nc6 3. d4 cxd4 4. Nxd4 e6 5. Nc3 Qc7 6. Be3 a6 7. Bd3 Nf6 8. O-O b5 9. Kh1 Bb7 10. a3 Ne5 11. f4 Neg4 12. Bg1 h5 13. e5 Nd5 14.
Nxd5 Bxd5 15. Qe2 Qb7 16. a4 b4 17. c4 bxc3 18. bxc3 Bc5 19. c4 Bxd4 20. cxd5 Bxa1 21. dxe6 dxe6 22. Rxa1 O-O 23. Be4 Qb4 24. Bxa8 Rxa8 25. h3 Qc3 26. Rd1 Nh6 27. Qxh5 Nf5 28. Bf2 Qc2 29. Qf3 Rc8 30. a5 Qa4 31. g4 Ne7 32. Rd6 Qxa5 33. Qb7 Qa1+ 34. Kg2 Re8 35. Qd7 Rb8 36.
Qxe7 Qb2 37. Rd8+ Rxd8 38. Qxd8+ Kh7 39. Qh4+ Kg8 40. Qd8+ Kh7 41. Qd4 Qb7+ 42. Kg3 Qb3+ 43. Qe3 Qb7 44. Qf3 Qb4 45. Kg2 g6 46. Be3 Qb2+ 47. Bf2 a5 48. f5 a4 49. fxe6 fxe6 50. Qf7+ Kh8 51. Qe8+ Kh7 52. Qf7+ Kh8 53. Qf6+ Kh7 54.
Qxe6 a3 55. Qf7+ Kh8 56. Qe8+ Kg7 57. Qe7+ Kg8 58. Qe6+ Kg7 59. Qf6+ Kh7 60. Qh4+ Kg7 61. Qf6+ Kh7 62. Qf7+ Kh8 63. e6 a2 64. e7 Qb7+ 65. Kg3 Qc7+ 66. Kg2 Qc6+ 67. Qf3 Qa4 68. Qf4 Kh7 69. e8=Q Qxe8 70. Qg5 Qc6+ 71. Kg3 a1=Q 72. Qe7+ Qg7 73. Qxg7+ Kxg7 74. h4 Kf7 0-1

[Event "*** Titled Tuesday Blitz"]
[Site "Chess.com"]
[Date "2020.04.14"]
[Round "6"]
[White "Jbd735"]
[Black "isla88"]
[Result "0-1"]
[WhiteElo "2421"]
[BlackElo "2297"]
[TimeControl "180+1"]
[EndTime "11:04:22 PDT"]
[Termination "isla88 won on time"]

1. e4 c5 2. Nf3 Nc6 3. Bb5 g6 4. O-O Bg7 5. d3 e5 6. Bxc6 dxc6 7. Nbd2 Qc7 8. a4 b6 9. b3 Nf6 10. Bb2 Nd7 11. Nc4 O-O 12. Re1 Re8 13. h3 Nf8 14. Qd2 f6 15. b4 cxb4 16. Qxb4 c5 17. Qc3 Ne6 18. Ne3 Nf4 19. Kh2 Qd7 20. Ng1 h5 21. a5 Rb8 22. axb6 axb6 23. Qb3+ Kh7 24. Nd5 Nxd5 25. Qxd5 Qxd5 26. exd5 b5 27. Ra7 Rd8 28.
f4 Rb7 29. Rxb7 Bxb7 30. fxe5 fxe5 31. Bxe5 Bxd5 32. Bxg7 Kxg7 33. Re7+ Kf6 34. Rc7 c4 35. dxc4 Bxc4 36. Nf3 Rd1 37. h4 Rc1 38. Rc6+ Kf5 39.
Kg3 Ke4 40. Rxg6 Rxc2 41. Rb6 Bf1 42. Ne1 Re2 43. Re6+ Kd4 44. Rxe2 Bxe2 45. Kf2 Bg4 46. Nc2+ Kc3 47. Ne3 Be6 48. Ke2 b4 49. Nd1+ Kc2 50.
Ne3+ Kc1 51. Kd3 b3 52. Kc3 b2 0-1

[Event "*** Titled Tuesday Blitz"]
[Site "Chess.com"]
[Date "2020.04.14"]
[Round "6"]
[White "nihalsarin"]
[Black "Tjktiger"]
[Result "1-0"]
[WhiteElo "3063"]
[BlackElo "2829"]
[TimeControl "180+1"]
[EndTime "11:04:23 PDT"]
[Termination "nihalsarin won by resignation"]

1. d4 Nf6 2. Nf3 g6 3. g3 Bg7 4. Bg2 d5 5. O-O O-O 6. c4 c6 7. cxd5 cxd5 8. Nc3 Nc6 9. Ne5 Bf5 10. Nxc6 bxc6 11. b3 Nd7 12. Ba3 Re8 13. Rc1 Qb6 14. e3 e5 15. Na4 Qa6 16. Bb2 Bd3 17. Re1 exd4 18. Bxd4 Bxd4 19. exd4 Bb5 20. Nc3 Qb6 21. Qd2 Nf6 22. h4 Kg7 23. Bf3 h6 24. Kg2 a5 25.
Qf4 Bd3 26. Na4 Qb4 27. Rxe8 Rxe8 28. Rxc6 Ne4 29. Rc7 Rf8 30. Nc5 Nxc5 31. Qe5+ Kg8 32. Rxc5 Qd2 33. Bxd5 Qd1 34. Qf6 Qf1+ 35. Kh2 Bf5 36.
Rxa5 Qxf2+ 37. Bg2 Qd2 38. Qe5 Rd8 39. h5 Bg4 40.
hxg6 fxg6 41. Ra7 Bd7 42. Rxd7 Rxd7 43. Qe8+ Kg7 44. Qxd7+ Kf6 45. Qd6+ Kg5 46. Qe5+ Kg4 47. Qe4+ Kg5 48. Qf4+ Qxf4 49. gxf4+ Kxf4 50. a4 1-0

[Event "*** Titled Tuesday Blitz"]
[Site "Chess.com"]
[Date "2020.04.14"]
[Round "6"]
[White "Chesswizard_2007"]
[Black "ChessQueen"]
[Result "0-1"]
[WhiteElo "2615"]
[BlackElo "2809"]
[TimeControl "180+1"]
[EndTime "11:04:23 PDT"]
[Termination "ChessQueen won on time"]

1. d4 Nf6 2. c4 b6 3. f3 Bb7 4.
e4 d6 5. Nc3 Nbd7 6. Nge2 e5 7.
d5 a5 8. Be3 Be7 9. Ng3 g6 10.
Bh6 Nc5 11. Be2 Qd7 12. O-O Rg8 13. Bg5 h5 14. b3 Nh7 15. Bd2 h4 16. Nh1 f5 17.
Nf2 Nf6 18. a3 a4 19. b4 Nb3 20. Rb1 f4 21. h3 Nh5 22. Re1 Ng3 23. Bd3 Nxd2 24. Qxd2 Kf7 25. Bf1 Rh8 26. Rec1 Rh5 27. Nd3 Rg5 28. Kh2 Nxf1+ 29. Rxf1 Rg3 30. c5 Bc8 31. Nf2 dxc5 32. Ng4 Rxg4 33. fxg4 cxb4 34. axb4 Bd6 35. g5 Ba6 36. Rfc1 a3 37. b5 Bb7 38. Ra1 Rh8 39. Ra2 Rh5 40. Ne2 Rxg5 41. Ng1 Rg3 42. Nf3 g5 43. Rac2 Kf6 44. Ne1 g4 45. hxg4 Qxg4 46.
Qf2 h3 47. Rd2 hxg2 48. Nxg2 Bc8 49. Rf1 Qh3+ 50. Kg1 f3 51. Rd3 Bc5 52. Qxc5 bxc5 53. Rdxf3+ Rxf3 0-1

[Event "*** Titled Tuesday Blitz"]
[Site "Chess.com"]
[Date "2020.04.14"]
[Round "6"]
[White "Riazantsev"]
[Black "arminmusovic"]
[Result "0-1"]
[WhiteElo "2621"]
[BlackElo "2504"]
[TimeControl "180+1"]
[EndTime "11:04:23 PDT"]
[Termination "arminmusovic won by resignation"]

1. e4 c6 2. Nf3 d5 3. Nc3 dxe4 4. Nxe4 Nf6 5. Qe2 Nxe4 6. Qxe4 Qd5 7. Qf4 Qe6+ 8. Be2 Nd7 9. d4 h6 10. Qd2 g5 11. O-O Bg7 12. Re1 O-O 13. c3 Qd6 14. Qc2 e5 15. Bd3 exd4 16. cxd4 Nb6 17. Bd2 Be6 18.
h4 gxh4 19. Nxh4 Qxd4 20. Nf5 Bxf5 21. Bxf5 Qxb2 22. Qxb2 Bxb2 23. Rab1 Bg7 24. a4 Rfe8 25. Be3 Nxa4 26. Rxb7 a5 27. Bc2 Nc3 28. Bb3 Nd5 29. Rc1 a4 30. Ba2 Re7 31. Rxe7 Nxe7 32. Bf4 Nd5 33.
Bd6 Nc3 34. Rc2 Nxa2 35. Rxa2 Bf8 36. Be5 a3 37. Kf1 Bb4 38. f4 Re8 39. g4 c5 40.
Rc2 Ra8 41. Ra2 Ra6 42. Ke2 f6 43. Ba1 Rd6 44. Rc2 Kf7 45. Rc4 Rd2+ 46. Kf3 a2 47.
Rc1 Ke6 48. Ke4 Re2+ 49. Kf3 Re1 50. Rxe1+ Bxe1 51. Ke4 Bd2 52. f5+ Ke7 53. Kd5 Bf4 54. Kxc5 Be5 0-1

[Event "*** Titled Tuesday Blitz"]
[Site "Chess.com"]
[Date "2020.04.14"]
[Round "6"]
[White "Crazy_girl99"]
[Black "ahappypawn"]
[Result "0-1"]
[WhiteElo "2474"]
[BlackElo "2333"]
[TimeControl "180+1"]
[EndTime "11:04:23 PDT"]
[Termination "ahappypawn won by resignation"]

1. e4 g6 2. d4 Bg7 3. Nc3 d6 4. Nf3 Nf6 5. Be3 Ng4 6. Bg5 h6 7. Bh4 c5 8. Be2 Nc6 9. dxc5 dxc5 10. Qxd8+ Nxd8 11. Nd5 Ne6 12. O-O-O g5 13. Bg3 Bd7 14. h4 Rc8 15. Nd2 Nd4 16. Bd3 e6 17. Ne3 Nxe3 18. fxe3 Nc6 19. Nc4 Kf8 20. Bd6+ Kg8 21. Bxc5 Na5 22.
Nxa5 Rxc5 23. Nb3 Rc7 24. hxg5 hxg5 25. Rxh8+ Bxh8 26. c3 a6 27. Kd2 Be5 28. Nd4 b5 29.
Nf3 Bf6 30. e5 Be7 31. Be4 Bc8 32. a3 Rc5 33. Ke2 g4 34. Nd4 Rxe5 35. Nc6 Rxe4 36.
Nxe7+ Kg7 37. Nxc8 Rc4 38. Nd6 Rc6 39. Ne4 f5 40.
Rd7+ Kg6 41. Nd6 Kf6 42. Ne8+ Ke5 43. Kd3 Rc8 44. Nc7 Rh8 45. Nxa6 Rh2 46. g3 Rg2 47. Nb4 Rxg3 48. Nc6+ Kf6 49. Nd4 f4 50. Nc2 Rh3 51.
Ke2 f3+ 52. Kf2 Rh2+ 53. Kg3 Rxc2 54. Rd8 Rg2+ 55. Kh4 f2 56. Rf8+ Ke7 57. Rf4 g3 58. Rf3 Rg1 59. Kh3 f1=Q+ 60. Rxf1 Rxf1 61. Kxg3 Rb1 62. Kf4 Rxb2 63. Ke4 Rb3 64. Kd4 Rxa3 65. Kc5 Rxc3+ 66.
Kxb5 Rxe3 0-1

[Event "*** Titled Tuesday Blitz"]
[Site "Chess.com"]
[Date "2020.04.14"]
[Round "6"]
[White "HanSchut"]
[Black "Quiet_Desperation"]
[Result "0-1"]
[WhiteElo "2218"]
[BlackElo "1945"]
[TimeControl "180+1"]
[EndTime "11:04:24 PDT"]
[Termination "Quiet_Desperation won on time"]

1. e4 e6 2. d4 d5 3. Nd2 Nf6 4. e5 Nfd7 5. f4 c5 6. c3 Nc6 7. Ndf3 Qb6 8. a3 cxd4 9. cxd4 Be7 10. b4 f6 11. Bd3 fxe5 12. fxe5 O-O 13. Ne2 Ndxe5 14. dxe5 Nxe5 15. Nxe5 Qf2+ 16. Kd2 Bd7 17. Nxd7 Rac8 18. Nc5 b6 19. Qe1 Qf6 20. Rb1 bxc5 21. Bb2 Qg5+ 22. Kd1 c4 23. h4 Qe3 24. Qg3 Qxd3+ 25.
Qxd3 cxd3 26. Ng3 Rf2 27. Bd4 Rxg2 28. Nh5 g6 29. Nf6+ Bxf6 30. Bxf6 Rcc2 31. Bg5 e5 32. Rc1 Rxc1+ 33. Kxc1 e4 34. Re1 Kf7 35. Be3 d4 36. Bg5 e3 37. Bxe3 dxe3 38. Rxe3 Rg4 39. Rxd3 Rxh4 40.
Rd7+ Kf6 41. Rxa7 g5 42. b5 Rc4+ 43. Kb2 Rc8 44. Rxh7 g4 45. Rh1 Kf5 46. Kb3 Kf4 47.
Kb4 Kf3 48. a4 g3 49. Rg1 Kf2 50. Rxg3 Kxg3 51. b6 Kf4 52. a5 Ke5 53. b7 Rb8 54. a6 Kd6 55. Kb5 Kc7 56. Kc5 Re8 57. Kd5 Kb8 58. Kd6 Ka7 0-1

[Event "*** Titled Tuesday Blitz"]
[Site "Chess.com"]
[Date "2020.04.14"]
[Round "6"]
[White "WelshTiger"]
[Black "medalja"]
[Result "1-0"]
[WhiteElo "2295"]
[BlackElo "2410"]
[TimeControl "180+1"]
[EndTime "11:04:24 PDT"]
[Termination "WelshTiger won by resignation"]

1. e4 c6 2. d4 d5 3. Nd2 dxe4 4. Nxe4 Bf5 5. Ng3 Bg6 6. Nh3 e6 7. Nf4 Bd6 8. c3 Nf6 9. Bc4 Bxf4 10. Bxf4 Nd5 11. Bd2 h5 12. h4 Nd7 13. Bg5 f6 14.
Qe2 Qe7 15. Bd2 O-O-O 16. O-O-O N7b6 17. Bb3 Kb8 18. Ne4 e5 19. Nc5 Rhe8 20. Rhe1 Qc7 21. Qf3 exd4 22. cxd4 Ka8 23. Ne6 Qd6 24. Nxd8 Rxd8 25.
Qg3 Qxg3 26. fxg3 Rc8 27. Bc3 Nxc3 28. bxc3 a5 29. Bc2 Bf7 30. Bb3 Nd5 31. Kb2 b5 32. a3 Kb7 33. Bxd5 Bxd5 34. Re7+ Kb6 35. Rxg7 Bxg2 36.
Re1 b4 37. axb4 axb4 38. c4 Rd8 39. Rd1 Bf3 40. Rd2 f5 41. Kb3 Rb8 42. Kxb4 c5+ 43.
Kc3 cxd4+ 44. Rxd4 Kc5 45. Rc7+ Kb6 46. Rf7 Ra8 47.
Rxf5 Bg4 48. Rf6+ Kc7 49. Kb4 Ra1 50. Re4 Kd7 51. Kc5 Ra5+ 52. Kd4 Ra1 53. Ref4 Rd1+ 54. Kc5 Rc1 55. Rf7+ Ke6 56. Rf8 Ke7 57. Rh8 Rc2 58. Rh6 Rc1 59. Rff6 Rc2 60. Ra6 Rc1 61. Rh7+ Kd8 62.
Ra8+ Bc8 63. Rh8+ Kd7 64. Raxc8 1-0

[Event "*** Titled Tuesday Blitz"]
[Site "Chess.com"]
[Date "2020.04.14"]
[Round "6"]
[White "Playgood28"]
[Black "ChocolateRoses"]
[Result "0-1"]
[WhiteElo "2148"]
[BlackElo "2287"]
[TimeControl "180+1"]
[EndTime "11:04:24 PDT"]
[Termination "ChocolateRoses won on time"]

1. d4 d5 2. c4 dxc4 3. e4 Nf6 4. e5 Nd5 5. Bxc4 Nb6 6. Bb3 Nc6 7. Ne2 Bf5 8. O-O e6 9. Nbc3 Qd7 10. Be3 O-O-O 11.
a4 a5 12. Nb5 Nb4 13. Rc1 c6 14. Qd2 Kb8 15. Na3 N4d5 16. Nc4 Bb4 17. Nc3 Nxc4 18.
Bxc4 Nxe3 19. Qxe3 Qxd4 20. Qxd4 Rxd4 21. Ne2 Rd2 22. Ng3 Bg6 23. b3 Rhd8 24. Rfe1 Bc5 25. Re2 Rxe2 26. Nxe2 Bb6 27. Kf1 Bc7 28. f4 Be4 29. g3 Bd3 30. Bxd3 Rxd3 31. Rc3 Rxc3 32. Nxc3 Bb6 33. Kg2 Kc7 34. Kf3 Bd4 35. Ne4 b5 36. g4 bxa4 37. bxa4 c5 38. Nd2 Bc3 39. Nc4 Kd7 40.
Ke4 Kc6 41. h3 Bb4 42. Ne3 f6 43. Nc4 Bc3 44. exf6 gxf6 45. h4 Be1 46. h5 Bc3 0-1

[Event "*** Titled Tuesday Blitz"]
[Site "Chess.com"]
[Date "2020.04.14"]
[Round "6"]
[White "Ariadna_Atreides"]
[Black "mjray79"]
[Result "0-1"]
[WhiteElo "2009"]
[BlackElo "2251"]
[TimeControl "180+1"]
[EndTime "11:04:25 PDT"]
[Termination "mjray79 won on time"]

1. Nf3 Nf6 2. c4 g6 3. b4 Bg7 4. Bb2 a5 5. b5 d5 6. cxd5 Qxd5 7. Nc3 Qd8 8. Qb3 Be6 9. Qc2 O-O 10. e4 c6 11. Be2 cxb5 12. Bxb5 Nc6 13. O-O Bg4 14. Bxc6 bxc6 15. Ne5 Qd6 16. Na4 Be2 17. Rfe1 Bb5 18. d4 Nd7 19. Nxd7 Qxd7 20. Nb6 Qg4 21. Nxa8 Rxa8 22.
f3 Qg5 23. a4 Ba6 24. Qxc6 Ra7 25. Qb6 Rb7 26. Qxa6 Rxb2 27. Qc8+ Bf8 28. Qh3 Bg7 29. e5 h5 30. Rac1 Qd2 31. Qg3 Qxd4+ 32. Kh1 Bh6 33.
Rc8+ Kg7 34. h3 Bf4 35. Qh4 Qd2 36. Rg1 Bg5 37. Qe1 Qd4 38. e6 Be3 39. exf7 Kxf7 40. Rf1 Qf4 41. Rg1 Bxg1 42. Qxg1 Qg3 43. Rc1 Kg7 44. Qf1 Qg5 45. Re1 Qf6 46. f4 Qc3 47. Rxe7+ Kh6 48. Re1 Qc2 49. Qg1 Qxa4 50. g4 Qxf4 51.
g5+ Qxg5 0-1

[Event "*** Titled Tuesday Blitz"]
[Site "Chess.com"]
[Date "2020.04.14"]
[Round "6"]
[White "gmelviro"]
[Black "PauloCesarCosta_sad"]
[Result "0-1"]
[WhiteElo "2173"]
[BlackElo "2093"]
[TimeControl "180+1"]
[EndTime "11:04:27 PDT"]
[Termination "PauloCesarCosta_sad won by resignation"]

1. c4 c5 2. g3 g6 3. Bg2 Bg7 4. Nc3 Nc6 5. e3 d6 6. Nge2 e5 7. O-O Nge7 8. d3 O-O 9. a3 a5 10.
Nb5 Be6 11. Bd2 Qd7 12. Bc3 Rfd8 13. Re1 Bh3 14. Bh1 Bg4 15. Qd2 a4 16. d4 cxd4 17. exd4 Bxe2 18. Rxe2 Nxd4 19. Nxd4 exd4 20. Bxd4 Nc6 21.
Bxg7 Kxg7 22. Rd1 Rac8 23. c5 d5 24. Bxd5 Ne7 25. Qc3+ f6 26. Red2 Nxd5 27. Rxd5 Qxd5 28. Rxd5 Rxd5 29. b4 axb3 30. Qxb3 Rd7 31. Qb6 Rc6 32. Qb5 Rdc7 33. Kg2 Rxc5 34. Qb4 Rc4 35. Qb5 R4c5 36.
Qe8 b5 37. h4 h5 38. Qb8 Kh7 39. Qf8 R5c6 40. Qb4 Rc5 41. a4 bxa4 42. Qxa4 Kg7 43. Qa8 Rc2 44. Qe4 R2c4 45. Qe3 Rc3 46. Qb6 R3c6 47.
Qb2 Rc2 48. Qa1 Rc1 49. Qe5 fxe5 0-1

[Event "*** Titled Tuesday Blitz"]
[Site "Chess.com"]
[Date "2020.04.14"]
[Round "6"]
[White "MateSchmate"]
[Black "Suleyman_Chess06"]
[Result "1-0"]
[WhiteElo "2568"]
[BlackElo "2233"]
[TimeControl "180+1"]
[EndTime "11:04:28 PDT"]
[Termination "MateSchmate won by checkmate"]

1. e4 e6 2. d4 d5 3. Bd3 Nf6 4. e5 Nfd7 5. f4 c5 6. c3 Nc6 7. Nf3 Qb6 8. Bc2 cxd4 9. cxd4 Be7 10. Nc3 O-O 11. O-O f5 12. exf6 Bxf6 13. Be3 Qxb2 14. Qd3 g6 15. Rab1 Qa3 16. Nxd5 Qxd3 17. Nxf6+ Nxf6 18. Bxd3 Nd5 19. Bd2 Nxf4 20. Bc4 Nd5 21. Ng5 Rf5 22. Rxf5 gxf5 23. Nf3 b6 24. Bxd5 exd5 25.
Re1 Bd7 26. Bf4 Re8 27. Be5 Nxe5 28. Nxe5 Be6 29. Nd3 Kf7 30. Ne5+ Kf6 31. Kf2 Rc8 32. Re2 Rc1 33. h4 Rd1 34. Nf3 f4 35. Ng5 Bf5 36. Re8 Rd2+ 37. Kf3 Rxd4 38. Rf8+ Kg6 39. Rg8+ Kh5 40. Rf8 Bg4+ 41. Kf2 Rd2+ 42. Kf1 Rxa2 43.
Rxf4 b5 44. Nxh7 Be2+ 45. Kg1 Bd3 46. Nf6+ Kg6 47. Nxd5 Ra1+ 48. Kh2 a5 49. g4 Bc4 50. Ne7+ Kg7 51. h5 Ra2+ 52. Kg3 Kh6 53. Nf5+ Kg5 54. Rf3 Rb2 55. Nd6 Rb3 56. Ne4+ Kh6 57. Rxb3 Bxb3 58.
Kh4 a4 59. g5+ Kh7 60. g6+ Kh6 61. Ng3 a3 62. Nf5# 1-0

[Event "*** Titled Tuesday Blitz"]
[Site "Chess.com"]
[Date "2020.04.14"]
[Round "6"]
[White "SuperCheese"]
[Black "Manukyan_Artak"]
[Result "1-0"]
[WhiteElo "2512"]
[BlackElo "2326"]
[TimeControl "180+1"]
[EndTime "11:04:28 PDT"]
[Termination "SuperCheese won by checkmate"]

1. d4 Nf6 2. c4 e6 3. Nc3 Bb4 4. a3 Bxc3+ 5. bxc3 c5 6. f3 d6 7. e4 e5 8. Bd3 cxd4 9. cxd4 exd4 10. Ne2 Nc6 11.
O-O O-O 12. Bb2 Nh5 13. Qd2 Be6 14. Rfb1 Qf6 15. Rf1 Rac8 16. g4 Ne5 17. gxh5 Nxf3+ 18. Rxf3 Qxf3 19. Nxd4 Qxh5 20. Qg2 g6 21. Rf1 Bxc4 22. Nf5 Rfe8 23. Rc1 b5 24. Qg3 Red8 25. Ne7+ Kf8 26. Nxc8 Rxc8 27. Qxd6+ Kg8 28. Qd4 Qg5+ 29. Kf2 Qf4+ 30.
Ke2 Bxd3+ 31. Kxd3 Qf3+ 32. Kd2 Qg2+ 33. Kd3 Qf3+ 34.
Qe3 Rd8+ 35. Bd4 Qg4 36. Rf1 Qe6 37. Rc1 Qb3+ 38. Rc3 Qb1+ 39. Ke2 Qh1 40. Qf2 Qxe4+ 41.
Be3 Re8 42. Rd3 Qc4 43. Kd2 b4 44. axb4 Qxb4+ 45. Ke2 Qc4 46. Kd2 a5 47. Qe2 Qb4+ 48. Kd1 a4 49. Qd2 Qe4 50. Rd8 a3 51. Rxe8+ Qxe8 52. Qd3 Qa4+ 53. Ke2 a2 54. Qd8+ Kg7 55. Bd4+ Kh6 56.
Qh4# 1-0

[Event "*** Titled Tuesday Blitz"]
[Site "Chess.com"]
[Date "2020.04.14"]
[Round "6"]
[White "littleozy"]
[Black "ItalianMachine"]
[Result "0-1"]
[WhiteElo "2402"]
[BlackElo "2291"]
[TimeControl "180+1"]
[EndTime "11:04:28 PDT"]
[Termination "ItalianMachine won by checkmate"]

1. a3 e5 2. b4 d5 3. Bb2 f6 4. e3 Bd6 5. c4 c6 6. Nf3 Ne7 7.
d3 O-O 8. Be2 Be6 9. O-O Nd7 10. Nc3 g5 11. Rc1 Ng6 12. cxd5 cxd5 13.
Nb5 Bb8 14. Qc2 Qb6 15. Nc7 Bxc7 16. Qxc7 Rfc8 17. Qxc8+ Rxc8 18. Rxc8+ Ndf8 19. Rc5 Nd7 20. Rc8+ Ndf8 21. Rc2 Qa6 22. d4 Qa4 23. Rfc1 e4 24. Nd2 f5 25. Rc7 b6 26. Bd1 Qa6 27. a4 Qd3 28.
R1c2 Qa6 29. R2c3 f4 30. b5 Qa5 31. Ba3 Nd7 32. R7c6 Kf7 33. Bb3 fxe3 34. fxe3 Ne7 35. Rc7 Nf5 36. Nf1 a6 37. bxa6 Qxa6 38. R3c6 Ne7 39.
Rd6 Nf5 40. Rdxd7+ Bxd7 41. Rxd7+ Ke6 42. Rxd5 Qd3 43.
Re5+ Kf6 44. Rb5 Nxe3 45. Rxb6+ Kg7 46. Rb7+ Kh6 47. Bf8+ Kh5 48. Bf7+ Kh4 49. g3+ Kg4 50. Be6+ Kf3 51. Rf7+ Ke2 52. Rf2+ Ke1 53. Rd2 Qxf1# 0-1

[Event "*** Titled Tuesday Blitz"]
[Site "Chess.com"]
[Date "2020.04.14"]
[Round "6"]
[White "Ziachess74"]
[Black "poliplaza"]
[Result "0-1"]
[WhiteElo "2524"]
[BlackElo "2392"]
[TimeControl "180+1"]
[EndTime "11:04:29 PDT"]
[Termination "poliplaza won on time"]

1. d4 c5 2. d5 Nf6 3. Nc3 d6 4. e4 g6 5. Nf3 Bg7 6. Bc4 O-O 7. O-O Na6 8. Re1 Nd7 9. h3 Nc7 10.
a4 Rb8 11. Bf4 a6 12. a5 b5 13. axb6 Rxb6 14. Qc1 Nb5 15. Na4 Rb8 16. Bh6 Nb6 17. Nxb6 Qxb6 18. b3 Bd7 19. e5 Nd4 20. Nxd4 cxd4 21.
Bxg7 Kxg7 22. Rxa6 Qc5 23. Qf4 Bb5 24. Bxb5 Qxb5 25.
Ra4 Qxd5 26. exd6 Qxd6 27. Qxd6 exd6 28. Rxd4 Rfc8 29. Re2 Rc6 30. Red2 Rbc8 31. c4 Rb6 32. R2d3 Rcb8 33. Rxd6 Rxd6 34. Rxd6 Rxb3 35. g3 Rc3 36. Rc6 h5 37. Kg2 f6 38. h4 Rc2 39. Kf3 Rc1 40.
c5 Rc4 41. Rc7+ Kh6 42. Ke3 g5 43. c6 gxh4 44. gxh4 Rxh4 45. Rd7 Rc4 46. c7 Kg6 47. Kd3 Rc1 48. Kd4 h4 49. Kd5 h3 0-1

[Event "*** Titled Tuesday Blitz"]
[Site "Chess.com"]
[Date "2020.04.14"]
[Round "6"]
[White "Gerasimenyuk_Miha"]
[Black "silverback96"]
[Result "1/2-1/2"]
[WhiteElo "2492"]
[BlackElo "2220"]
[TimeControl "180+1"]
[EndTime "11:04:29 PDT"]
[Termination "Game drawn - insufficient material"]

1. d4 Nf6 2. Nf3 c5 3. Bg5 cxd4 4. c3 dxc3 5. Nxc3 d6 6. e4 e6 7.
e5 dxe5 8. Qxd8+ Kxd8 9. Nxe5 Ke8 10. Nb5 Na6 11. O-O-O Nd5 12. Bc4 f6 13. Bxd5 exd5 14. Rhe1 fxe5 15. Rxe5+ Kf7 16. Rdxd5 Be6 17. Rd3 Rc8+ 18.
Kb1 Bc5 19. Rf3+ Kg6 20. Rxe6+ Kxg5 21. h4+ Kh5 22. Rf5+ Kg4 23. Rg5+ Kxh4 24. Rxg7 Rc6 25. Re4+ Kh5 26. Rg3 Bxf2 27. Re5+ Kh6 28. Rg4 Rhc8 29. a3 Rc5 30. Re6+ Kh5 31. Rf4 Rxb5 32. Rxf2 Rc6 33. Re7 Nc5 34. Rxh7+ Kg6 35. Rff7 Ne6 36. Rxb7 Rxb7 37.
Rxb7 a6 38. b4 Nc7 39. Kb2 Nb5 40. a4 Nd6 41. Ra7 Kf6 42. b5 Rb6 43. Rxa6 Rxa6 44. bxa6 Nc8 45. Kb3 Ke7 46. Kb4 Kd7 47. Kc5 Kc7 48. g4 Ne7 49. g5 Ng6 50. a5 Kb8 51. Kd6 Ka8 52. Ke6 Nh4 53. Ke5 Ka7 54. Kf6 Ka8 55.
g6 Nxg6 56. Kxg6 Ka7 57. Kf6 Kxa6 58. Ke6 Kxa5 1/2-1/2